 Dungeon Crawl Stone Soup version 0.23.2-33-g5129a83184 (webtiles) character file.

Game seed: 4942866053975765445

95 Hasleak the Skirmisher (level 4, -2/41 HPs)
             Began as a Minotaur Fighter on June 26, 2019.
             Slain by an ogre
             ... wielding a +0 giant club
              (36 damage)
             ... on level 3 of the Dungeon.
             The game lasted 00:06:20 (1323 turns).

Hasleak the Skirmisher (Minotaur Fighter)           Turns: 1323, Time: 00:06:20

Health: -2/41      AC:  9    Str: 21    XL:     4   Next: 40%
Magic:  3/3        EV:  7    Int:  5    God:
Gold:   153        SH:  9    Dex: 10    Spells: 2/3 levels left

rFire    . . .     SeeInvis .   a - +0 war axe
rCold    . . .     Gourm    .   c - +0 shield
rNeg     . . .     Faith    .   b - +0 scale mail
rPois    +         Spirit   .   (helmet restricted)
rElec    .         Reflect  .   t - +0 cloak
rCorr    .         Harm     +   (no gloves)
MR       .....                  i - +0 pair of boots
Stlth    ..........             q - amulet of harm
HPRegen  0.13/turn              w - ring of flight
MPRegen  0.08/turn              n - ring of poison resistance

@: no status effects
A: retaliatory headbutt, horns 2
a: Evoke Flight


You were on level 3 of the Dungeon.
You were hungry.

You visited 1 branch of the dungeon, and saw 3 of its levels.

You collected 153 gold pieces.

Inventory:

Hand Weapons
 a - a +0 war axe (weapon)
Armour
 b - a +0 scale mail (worn)
 c - a +0 shield (worn)
 i - a +0 pair of boots (worn)
 t - a +0 cloak (worn)
Jewellery
 e - a +3 ring of intelligence
 n - a ring of poison resistance (right hand)
 q - an amulet of harm (around neck)
 w - a ring of flight (left hand)
Scrolls
 h - 5 scrolls of remove curse
 k - a scroll of fear {unknown}
 m - a scroll of enchant weapon {unknown}
 o - a scroll of teleportation {unknown}
 r - a scroll of blinking {unknown}
 s - a scroll of random uselessness {unknown}
Potions
 d - 2 potions of might
 g - 2 potions of degeneration
 j - a potion of invisibility {unknown}
 l - a potion of haste {unknown}
 p - 2 potions of curing {unknown}
 v - a potion of lignification {unknown}
Comestibles
 f - 3 rations
 u - a chunk of flesh


   Skills:
 + Level 4.4 Fighting
 + Level 3.4 Axes
 + Level 4.4 Armour
 + Level 4.4 Shields


You had 2 spell levels left.
You knew the following spells:

 Your Spells              Type           Power        Failure   Level  Hunger
a - Apportation           Tloc           #.....       99%         1    ##.....

Your spell library contained the following spells:

 Spells                   Type           Power        Failure   Level  Hunger
 Animate Skeleton         Necr           N/A          99%         1    ##.....
 Confusing Touch          Hex            #.....       99%         1    ##.....
 Summon Small Mammal      Summ           #...         99%         1    ##.....


Dungeon Overview and Level Annotations

Branches:
Dungeon (3/15)

Altars:


Innate Abilities, Weirdness & Mutations

You reflexively headbutt those who attack you in melee.
You have a pair of horns on your head.


Message History

You barely miss the ogre. Your headbutt misses the ogre.
The ogre is lightly wounded.
The ogre hits you with a +0 giant club.
You slash the ogre! You headbutt the ogre.
The ogre is heavily wounded.
You block the ogre's attack.
You barely miss the ogre.
The ogre is heavily wounded.
You block the ogre's attack.
You barely miss the ogre. You headbutt the ogre.
The ogre is severely wounded.
You block the ogre's attack. The ogre closely misses you.
You barely miss the ogre.
The ogre is severely wounded.
You block the ogre's attack.
You hit the ogre.
The ogre is almost dead.
The ogre hits you with a +0 giant club!!
Ouch! That really hurt!
You die...

#..# #..# ##..# #...#
...# ##..# #..O# . #@#
#. #.# #.. #)# .#..###.#
##### .....
........##..... .....#
.......).......
...#.##.##..............
...#.##.##......(.......
...#.##.##......(.......


You could see an ogre.

Vanquished Creatures
  Crazy Yiuf (D:3)
  An adder (D:3)
  An ooze (D:1)
  A dart slug (D:3)
  2 leopard geckos
  5 giant cockroaches
  8 hobgoblins
  14 kobolds
  A quokka (D:2)
  A ball python (D:1)
  5 bats
  3 frilled lizards
  3 goblins
  A leopard gecko skeleton (D:3)
  6 rats
  2 fungi (D:3)
55 creatures vanquished.

Notes
Turn   | Place    | Note
-------+----------+-------------------------------------------
     0 | D:1      | Hasleak the Minotaur Fighter began the quest for the Orb.
     0 | D:1      | Reached XP level 1. HP: 19/19 MP: 0/0
    27 | D:1      | Reached XP level 2. HP: 26/27 MP: 1/1
   495 | D:1      | Reached XP level 3. HP: 31/33 MP: 2/2
  1054 | D:3      | Learned a level 1 spell: Apportation
  1154 | D:3      | Found a runed translucent door.
  1155 | D:3      | Noticed Crazy Yiuf
  1162 | D:3      | Killed Crazy Yiuf
  1162 | D:3      | Reached XP level 4. HP: 36/41 MP: 1/3
  1313 | D:3      | Noticed an ogre
  1323 | D:3      | Slain by an ogre

Skill      XL: |  1  2 |
---------------+-------+-----
Fighting       | 4 |  4.4
Shields        | 4 |  4.4
Armour         | 4 |  4.4
Axes           | 3 |  3.4

Action                   |  1- 3 |  4- 6 || total
-------------------------+-------+-------++-------
Melee: War axe           |    95 |    19 ||   114
       Headbutt          |    15 |     2 ||    17
  Use: Scroll            |     2 |       ||     2
  Eat: Chunk             |       |     1 ||     1
Armor: Scale mail        |    42 |     4 ||    46
Dodge: Dodged            |    28 |     4 ||    32
Block: Shield            |    37 |     8 ||    45
